 Dungeon Crawl Stone Soup version 0.27-a0-1502-g47ed6a6988 (webtiles) character file.

Game seed: 10593378427783245307

28 wakim the Sneak (level 3, -1/22 HPs)
             Began as a Kobold Brigand on July 8, 2021.
             Slain by a giant cockroach (2 damage)
             ... on level 2 of the Dungeon.
             The game lasted 00:05:08 (1288 turns).

wakim the Sneak (Kobold Brigand)                    Turns: 1288, Time: 00:05:09

Health: -1/22      AC:  3    Str:  8    XL:     3   Next: 30%
Magic:  3/3        EV: 15    Int: 12    God:
Gold:   9          SH:  0    Dex: 17    Spells: 2/2 levels left

rFire    . . .     SeeInvis .   a - +2 dagger
rCold    . . .     Faith    .   (shield restricted)
rNeg     . . .     Spirit   .   b - +0 robe
rPois    .         Reflect  .   (no helmet)
rElec    .         Harm     .   c - +0 cloak
rCorr    .         Rampage  .   (no gloves)
Will     .....                  (no boots)
Stlth    ++++......             (no amulet)
HPRegen  0.07/turn              (no ring)
MPRegen  0.08/turn              (no ring)

@: no status effects
A: small, no large weapons, nightstalker 3
a: no special abilities


You were on level 2 of the Dungeon.
You visited 1 branch of the dungeon, and saw 2 of its levels.

You collected 9 gold pieces.

Inventory:

Hand Weapons
 a - a +2 dagger (weapon)
Missiles
 d - 8 poisoned darts (quivered)
 e - 2 curare-tipped darts {=f}
Armour
 b - a +0 robe (worn)
 c - a +0 cloak (worn)
Potions
 f - a potion of heal wounds {unknown}


   Skills:
 + Level 2.5 Fighting
 * Level 3.5 Short Blades
 - Level 2.1 Throwing
 * Level 2.2 Dodging
 + Level 5.6 Stealth


You had 2 spell levels left.
You didn't know any spells.
Your spell library was empty.

Dungeon Overview and Level Annotations

Branches:
Dungeon (2/15)

Altars:


Innate Abilities, Weirdness & Mutations

You are small and have problems with some larger weapons.
You are completely attuned to the shadows.


Message History

You hit the jackal but do no damage. The jackal closely misses you.
You hit the jackal but do no damage. The jackal misses you.
You closely miss the jackal. The jackal completely misses you.
You miss the jackal. The jackal barely misses you.
You hit the jackal but do no damage. The jackal bites you.
* * * LOW HITPOINT WARNING * * *
You closely miss the jackal.
The jackal bites you but does no damage.
You hit the jackal.
The jackal is heavily wounded.
The jackal bites you but does no damage. x2
You hit the jackal.
The jackal is almost dead.
The jackal bites you.
* * * LOW HITPOINT WARNING * * *
You hit the jackal.
You kill the jackal!
The jackal bites you.
* * * LOW HITPOINT WARNING * * *
You hit the jackal but do no damage. The jackal closely misses you.
You hit the jackal.
The jackal is moderately wounded.
The jackal bites you but does no damage.
You hit the jackal.
You kill the jackal!
You hit the rat but do no damage.
The rat twitches its whiskers.
The rat bites you.
* * * LOW HITPOINT WARNING * * *
You hit the rat but do no damage. You hit the rat but do no damage.
The rat bites you but does no damage.
An endoplasm comes into view.
The endoplasm quivers.
You hit the rat.
You kill the rat!
You hit the giant cockroach but do no damage.
The giant cockroach bites you.
* * * LOW HITPOINT WARNING * * *
The giant cockroach bites you.
You die...

......#
...#..
#....#.
###..#...
....<....
####J##..
#B## #@.#
##.J..
...# .#..
###.


You could see 2 endoplasms and a giant cockroach.

Vanquished Creatures
  A dart slug (D:1)
  An endoplasm (D:1)
  2 goblins (D:1)
  A hobgoblin (D:1)
  8 jackals
  2 quokkas
  A ball python (D:1)
  A bat (D:1)
  A frilled lizard (D:1)
  3 kobolds (D:1)
  3 rats
24 creatures vanquished.

Notes
Turn   | Place    | Note
-------+----------+-------------------------------------------
     0 | D:1      | wakim the Kobold Brigand began the quest for the Orb.
     0 | D:1      | Reached XP level 1. HP: 12/12 MP: 1/1
    94 | D:1      | Reached XP level 2. HP: 6/17 MP: 2/2
   607 | D:1      | Reached XP level 3. HP: 22/22 MP: 3/3
  1287 | D:2      | HP: 1/22 [giant cockroach (2)]
  1288 | D:2      | Slain by a giant cockroach

Illustrated notes

Levels and vault maps discovered:
D:1:      lightli_molten_gateway, layout_loops_ring,
          hellmonk_ecumenical_altar_slurped_away, minmay_misc_feat_diagonals
D:2:      layout_rooms

Skill      XL: |  1  2 |
---------------+-------+-----
Short Blades   | 3 |  3.5
Dodging        | 2 |  2.2
Fighting       | |  2.5
Throwing       | |  2.1
Stealth        | |  5.6

Action                   || total
-------------------------++-------
Melee: Dagger            ||   120
  Use: Scroll            ||     1
 Stab: Distracted        ||     1
       Sleeping          ||     7
Armor: Robe              ||    24
Dodge: Dodged            ||    75

Table legend: (Time is in decaauts)
 A = Elapsed time spent in this place.
 B = Non-inter-level travel time spent in this place.
 C = Inter-level travel time spent in this place.
 D = Time resting spent in this place.
 E = Time spent auto-exploring this place.
 F = Levels seen in this place.
 G = Mean time per level.
                   A        B        C        D        E       F      G
               +--------+--------+--------+--------+--------+-----+--------+
         Total |   1268 |   1268 |      0 |      0 |    507 |   2 |  634.0 |
       Dungeon |   1268 |   1268 |      0 |      0 |    507 |   2 |  634.0 |
               +--------+--------+--------+--------+--------+-----+--------+

Top non-repeatable levels by time:
     D:1: 1221 daAuts
     D:2: 47 daAuts
